 Dungeon Crawl Stone Soup version 0.22-a0-271-gc000056 (webtiles) character file.

1636 grindst0ne the Covert (level 8, -2/55 HPs)
             Began as a Vampire Assassin on Mar 12, 2018.
             Was an Initiate of Makhleb.
             Killed from afar by an orc wizard (6 damage)
             ... with a magic dart
             ... on level 6 of the Dungeon.
             The game lasted 00:20:16 (8446 turns).

grindst0ne the Covert (Vampire Assassin)            Turns: 8446, Time: 00:20:17

Health: -2/55      AC:  0    Str: 10    XL:     8   Next: 66%
Magic:  11/12      EV: 26    Int: 14    God:    Makhleb [......]
Gold:   158        SH:  0    Dex: 22    Spells: 7/7 levels left

rFire    . . .     SeeInvis +   (weapon currently unavailable)
rCold    + . .     Gourm    .   (shield currently unavailable)
rNeg     + + .     Faith    .   (armour currently unavailable)
rPois    +         Spirit   .   (helmet currently unavailable)
rElec    .         Reflect  .   (cloak currently unavailable)
rCorr    .         Harm     .   (gloves currently unavailable)
MR       .....                  (boots currently unavailable)
Stlth    +++++++...             (no amulet)
HPRegen  0.09/turn              (ring currently unavailable)
MPRegen  0.13/turn              (ring currently unavailable)

@: bat-form, flying, regenerating slowly, very quick
A: tiny, fangs 3, see invisible
a: End Transformation, Renounce Religion


You were on level 6 of the Dungeon.
You worshipped Makhleb.
Makhleb was noncommittal.
You were near bloodless.
You were in vampire-bat-form.
You visited 1 branch of the dungeon, and saw 6 of its levels.

You collected 263 gold pieces.
You spent 105 gold pieces at shops.

Inventory:

Hand Weapons
 a - a +2 dagger (melded)
 b - a +0 blowgun
Armour
 o - a +3 leather armour of magic resistance (melded)
 r - a +2 cloak of invisibility (melded)
Jewellery
 k - a ring of wizardry (melded)
 m - a ring of protection from magic (melded)
Wands
 l - a wand of paralysis (2)
Scrolls
 c - 2 scrolls of teleportation {unknown}
 d - 3 scrolls of enchant weapon
 f - a scroll of fog {unknown}
 h - 9 scrolls of identify
 i - a scroll of magic mapping
 j - 4 scrolls of remove curse
 n - a scroll of enchant armour
Potions
 g - 14 potions of blood
 p - a potion of degeneration {unknown}
 t - a potion of curing


   Skills:
 - Level 1.7 Fighting
 - Level 2.1 Short Blades
 - Level 1.5 Throwing
 + Level 5.7 Dodging
 - Level 12.0 Stealth
 - Level 6.0 Evocations


You had 7 spell levels left.
You didn't know any spells.

Dungeon Overview and Level Annotations

Branches:
Dungeon (6/15)             Temple (0/1) D:6

Altars:
Makhleb
Ru
Trog
Uskayaw
Vehumet
Wu Jian
Zin

Shops:
D:2 *   D:5 [

Annotations:
D:3 exclusion: downstairs


Innate Abilities, Weirdness & Mutations

You heal slowly.
You have razor-sharp teeth.
You have supernaturally acute eyesight. (SInv)
((You can survive without breathing.))


Message History

The magic dart hits you!
* * * LOW HITPOINT WARNING * * *
The orc wizard hits you but does no damage. x2
You closely miss the orc wizard.
The orc wizard is almost dead.
The orc wizard casts a spell.
The orc wizard blinks!
The orc wizard closely misses you.
You turn into a vampire bat.
Your +2 dagger melds into your body.
Your +2 cloak of invisibility melds into your body.
Your +3 leather armour of magic resistance melds into your body.
Your ring of wizardry melds into your body.
Your ring of protection from magic melds into your body.
You feel less resistant to hostile enchantments.
The orc wizard gestures at you while chanting.
The magic dart hits you!
* * * LOW HITPOINT WARNING * * *
The orc wizard completely misses you.
The orc wizard gestures at you while chanting.
The magic dart hits you!
You die...

#.. #.# ##########.##
#.# #....b....... #.#
#o########.## #.# #.#
#.# #o# ########.#
#.# .(.....#.# #.#
######.#)###o######
##########
......(.o.........#
#........#
#######..#.#.####+###
#........##


You could see an orc wizard.

Vanquished Creatures
  A sky beast (D:6)
  5 ogres
  A necrophage (D:6)
  A centaur (D:5)
  2 scorpions
  2 water moccasin skeletons (D:5)
  A jelly (D:5)
  2 crimson imps (D:5)
  An orc priest (D:6)
  Crazy Yiuf (D:2)
  Terence (D:2)
  A centaur skeleton (D:4)
  5 worker ants
  An iguana (D:6)
  5 orc wizards
  A hound zombie (D:5)
  4 gnolls (D:3)
  8 adders
  An adder skeleton (D:4)
  3 worms
  2 dart slugs
  3 leopard geckos
  29 orcs
  4 giant cockroaches
  20 goblins
  8 hobgoblins
  3 jackals (D:5)
  8 kobolds
  7 quokkas
  2 ball pythons
  13 bats
  4 frilled lizards
  A quokka skeleton (D:4)
  13 rats
164 creatures vanquished.

Notes
Turn   | Place    | Note
-------+----------+-------------------------------------------
     0 | D:1      | grindst0ne the Vampire Assassin began the quest for the Orb.
     0 | D:1      | Reached XP level 1. HP: 16/16 MP: 1/1
   103 | D:1      | Reached skill level 6 in Stealth
   195 | D:1      | Reached XP level 2. HP: 20/22 MP: 2/2
   902 | D:2      | Reached XP level 3. HP: 27/27 MP: 3/3
   907 | D:2      | Found Zin's Purification Station.
   908 | D:2      | Found a glowing silver altar of Zin.
   978 | D:2      | HP: 1/27 [adder (3)]
  1337 | D:2      | Reached skill level 7 in Stealth
  1723 | D:2      | Noticed Terence
  1727 | D:2      | Killed Terence
  1727 | D:2      | Reached XP level 4. HP: 33/33 MP: 4/4
  2151 | D:2      | Found an ornate altar of the Wu Jian Council.
  2238 | D:2      | Found a runed door.
  2294 | D:2      | Noticed Crazy Yiuf
  2298 | D:2      | Killed Crazy Yiuf
  2298 | D:2      | Reached skill level 8 in Stealth
  2298 | D:2      | Reached XP level 5. HP: 38/38 MP: 5/5
  2522 | D:3      | Noticed an ogre
  2558 | D:3      | Killed an ogre
  2558 | D:3      | Reached skill level 1 in Evocations
  2611 | D:3      | Found a sacrificial altar of Ru.
  2689 | D:3      | Reached XP level 6. HP: 40/44 MP: 7/7
  2698 | D:3      | Reached skill level 9 in Stealth
  3841 | D:3      | Noticed a moth of wrath
  3844 | D:3      | Found a bloodstained altar of Trog.
  5115 | D:4      | Reached skill level 10 in Stealth
  5115 | D:4      | Reached XP level 7. HP: 49/49 MP: 9/9
  5910 | D:5      | Entered Level 5 of the Dungeon
  5942 | D:5      | Reached skill level 11 in Stealth
  6168 | D:5      | Found a hide-covered altar of Uskayaw.
  6170 | D:5      | Noticed a dagger
  6170 | D:5      | Noticed a dagger
  7069 | D:5      | Reached skill level 5 in Evocations
  7069 | D:5      | Reached XP level 8. HP: 36/55 MP: 11/11
  7239 | D:5      | Found a radiant altar of Vehumet.
  7285 | D:5      | Found Ysues's Antique Armour Boutique.
  7297 | D:5      | Bought a dyed leather armour for 105 gold pieces
  7556 | D:5      | Reached skill level 12 in Stealth
  7825 | D:5      | Found a burning altar of Makhleb.
  7845 | D:5      | Became a worshipper of Makhleb the Destroyer
  8335 | D:6      | Found a staircase to the Ecumenical Temple.
  8406 | D:6      | Reached skill level 5 in Dodging
  8429 | D:6      | HP: 1/55 [orc wizard/dagger (5)]
  8446 | D:6      | Killed from afar by an orc wizard

Vault maps used:
D:1:      lightli_arrival_farm
D:2:      lemuel_coloured_pillars_altar, zin_purify, first_ration, uniq_terence,
          uniq_crazy_yiuf_cottage
D:3:      nicolae_ru_path_of_blood, tgw_trog, minmay_ogre_servants
D:5:      makhleb_grotto_becter, dancing_weapons_uskayaw, kennysheep_mini_moat,
          serial_shops, shop
D:6:      cheibrodos_barr_body, lemuel_doored_altar, minmay_temple_entry_hall,
          fedhas_altar_3

Skill      XL: |  1  2  3  4  5  6  7  8 |
---------------+-------------------------+-----
Stealth        | 6 7 8 10 11 12 | 12.0
Dodging        | 2 3 5 |  5.7
Evocations     | 2 3 5 6 |  6.0
Fighting       | |  1.7
Short Blades   | |  2.1
Throwing       | |  1.5

Action                   |  1- 3 |  4- 6 |  7- 9 || total
-------------------------+-------+-------+-------++-------
Melee: Dagger            |   106 |   217 |   323 ||   646
       Bite              |     5 |    20 |    29 ||    54
       Unarmed           |       |     1 |       ||     1
 Fire: Blowgun           |       |    73 |    77 ||   150
 Abil: Bat Form          |       |     2 |     2 ||     4
       End Transformatio |       |     2 |     1 ||     3
Evoke: Wand              |       |     2 |     5 ||     7
  Use: Scroll            |     1 |     3 |     1 ||     5
       Potion            |       |    12 |     5 ||    17
 Stab: Sleeping          |    16 |    24 |    11 ||    51
       Paralysed         |       |     1 |     2 ||     3
       Distracted        |       |       |     1 ||     1
Armor: Robe              |    20 |    35 |    37 ||    92
       Leather armour    |       |       |    45 ||    45
Dodge: Dodged            |    80 |   130 |   170 ||   380

Table legend:
 A = Spawn XP
 B = Non-spawn XP
 C = Spawn XP percentage of total XP
 D = Spawn monster count
 E = Non-spawn monster count
 F = Spawn count percentage of total count
 G = Total turns spent on level
                    A         B        C        D         E        F      G
               +---------+---------+-------+---------+---------+-------+---------
         Total |       0 |    2338 |   0.0 |       0 |     164 |   0.0 |  8446
               +---------+---------+-------+---------+---------+-------+---------
           D:1 |       0 |      37 |   0.0 |       0 |      23 |   0.0 |   876
           D:2 |       0 |     168 |   0.0 |       0 |      32 |   0.0 |  2156
           D:3 |       0 |     306 |   0.0 |       0 |      41 |   0.0 |  1335
           D:4 |       0 |     607 |   0.0 |       0 |      29 |   0.0 |  1543
           D:5 |       0 |     713 |   0.0 |       0 |      22 |   0.0 |  1957
           D:6 |       0 |     507 |   0.0 |       0 |      17 |   0.0 |   579
               +---------+---------+-------+---------+---------+-------+---------
